 Dungeon Crawl Stone Soup version 0.30-a0-161-gdd60e06945 (webtiles) character file.

Game seed: 10215776236132162938

109439 qw the Peltast (level 16, -8/101 HPs)
             Began as a Gargoyle Fighter on Sept 27, 2022.
             Was an Elder of Okawaru.
             Killed from afar by Nikola (18 damage)
             ... with an arc of chain lightning
             ... on level 1 of the Spider Nest.
             The game lasted 00:11:12 (24819 turns).

qw the Peltast (Gargoyle Fighter)                  Turns: 24819, Time: 00:11:12

Health: -8/101     AC: 45    Str: 27    XL:     16   Next: 52%
Magic:  23/23      EV: 13    Int:  7    God:    Okawaru [****..]
Gold:   1676       SH: 22    Dex:  9    Spells: 15/15 levels left

rFire   + . .      SeeInvis +    l - +8 mithril axe "Arga" {speed, Will+}
rCold   + + .      Faith    .    G - +2 tower shield
rNeg    + . .      Spirit   .    F - +4 plate armour
rPois   inf        Reflect  .    E - +0 helmet of Hane {rC+ Int-3 SInv Stlth+}
rElec   +          Harm     .    H - scarf {rC+ rF+}
rCorr   .          Rampage  .    e - +2 pair of gloves
Will    ++...                    w - +1 pair of boots
Stlth   ..........               K - amulet of the acrobat
HPRegen 0.26/turn                c - +4 ring of protection
MPRegen 0.18/turn                B - +4 ring of evasion

@: about to teleport, heroic, flying
A: sickness immunity, AC +12, big wings, negative energy resistance 1,
electricity resistance, torment resistance 1, petrification resistance
a: Renounce Religion, Heroism, Finesse


You were on level 1 of the Spider Nest.
You worshipped Okawaru.
Okawaru was greatly pleased with you.
You visited 5 branches of the dungeon, and saw 24 of its levels.

You collected 4010 gold pieces.
You spent 2334 gold pieces at shops.


Innate Abilities, Weirdness & Mutations

You are immune to sickness and miasma.
Your stone body is resilient. (AC +12)
You are immune to poison.
Your large and strong wings let you fly.
You resist negative energy. (rN+)
You are resistant to electric shocks. (rElec)
You are resistant to unholy torment.
You are immune to petrification.


   Skills:
 - Level 12.0(17.0) Fighting
 - Level 16.0(21.0) Axes
 - Level 6.1(11.1) Throwing
 - Level 11.0(16.0) Armour
 - Level 4.0(9.0) Dodging
 + Level 16.5(21.5) Shields
 - Level 10.2 Invocations


You had 15 spell levels left.
You didn't know any spells.
Your spell library was empty.

Inventory:

Hand Weapons
 l - the +8 mithril axe "Arga" (weapon) {speed, Will+}
   (You acquired it on level 3 of the Dungeon)

   Attacks with this weapon are significantly faster.
   Will:      It increases your willpower.
 y - the +0 broad axe of the Salmon {speed, rElec rPois rF+++ MP-9}
   (You found it on level 7 of the Dungeon)

   Attacks with this weapon are significantly faster.
   rF:        It renders you almost immune to fire.
   rElec:     It insulates you from electricity.
   rPois:     It protects you from poison.
   MP:        It affects your magic capacity (-9).
 J - a +0 morningstar of protection
Missiles
 i - 2 silver boomerangs (quivered)
 A - 5 boomerangs
Armour
 a - a +0 cloak
 e - a +2 pair of gloves (worn)
 m - the +3 chain mail "Gydamm" {*Corrode rElec rPois rC++ Int+4}
   (Okawaru gifted it to you on level 5 of the Lair of Beasts)

   Int:       It affects your intelligence (+4).
   rC:        It greatly protects you from cold.
   rElec:     It insulates you from electricity.
   rPois:     It protects you from poison.
   *Corrode:  It may corrode you when you take damage.
 u - +0 acid dragon scales
 w - a +1 pair of boots (worn)
 E - the +0 helmet of Hane (worn) {rC+ Int-3 SInv Stlth+}
   (Okawaru gifted it to you on level 2 of the Orcish Mines)

   Int:       It affects your intelligence (-3).
   rC:        It protects you from cold.
   SInv:      It lets you see invisible.
   Stlth:     It makes you more stealthy.
 F - a +4 plate armour (worn)
 G - a +2 tower shield (worn)
 H - a scarf of resistance (worn)
Jewellery
 c - a +4 ring of protection (left hand)
 g - an amulet of guardian spirit
 o - a ring of protection from fire
 B - a +4 ring of evasion (right hand)
 K - an amulet of the acrobat (around neck)
 L - a ring of protection from cold
 M - a ring of protection from fire
Scrolls
 b - 8 scrolls of identify
 q - 6 scrolls of teleportation
 z - 3 scrolls of enchant weapon
Potions
 d - 4 potions of might
 f - 6 potions of heal wounds
 h - 5 potions of lignification
 j - 6 potions of resistance
 k - 2 potions of haste
 n - 8 potions of curing
 p - a potion of magic
 t - a potion of cancellation
 v - 3 potions of mutation
 C - 4 potions of attraction

Dungeon Overview and Level Annotations

Branches:
Dungeon (15/15)            Temple (1/1) D:7            Lair (5/5) D:8
 Shoals (0/4) Lair:3       Spider (1/4) Lair:3        Slime (0/5) Lair:4
    Orc (2/2) D:10            Elf (0/3) Orc:2        Vaults (0/5) D:14
 Depths (0/4) D:15

Altars:
Ashenzari
Cheibriados
Dithmenos
Elyvilon
Fedhas
Gozag
Hepliaklqana
Kikubaaqudgha
Makhleb
Nemelex Xobeh
Okawaru
Qazlal
Ru
Sif Muna
Trog
Uskayaw
Vehumet
Wu Jian
Xom
Yredelemnul
Zin
The Shining One
Jiyva

Shops:
D:3 *   D:14 [   Orc:2 ([=(*

Annotations:
D:8 2 transporters, qw's ghost, novice GrFi
D:15 Josephine
Spider:1 Nikola
Orc:1 1 runed translucent door, qw's ghost, adept GrFi


Message History

The meliai mumbles some strange prayers to its god against you.
Something smites you! You block the meliai's attack. x2
Nikola the Mad Inventor comes into view.
He is wielding a +3 rapier of electrocution.
The emperor scorpion closely misses you.
You block the emperor scorpion's attack.
The emperor scorpion claws you but does no damage.
You hit the emperor scorpion.
The emperor scorpion is severely wounded.
You slice the meliai!!
You kill the meliai!
Okawaru accepts your kill.
You closely miss the meliai. You block the meliai's attack. x2
You hit the emperor scorpion but do no damage.
The emperor scorpion is severely wounded.
You miss the meliai. You block the meliai's attack. x2
Nikola mumbles some strange words.
Lightning arcs from Nikola's hands!
The bolt of lightning hits the meliai!!
The meliai dies!
A bolt of lightning appears from out of thin air!
The bolt of lightning hits you!! You resist.
The bolt of lightning hits the emperor scorpion!!
The bolt of lightning hits the meliai!!!
The meliai dies!
The emperor scorpion stings you!
The emperor scorpion closely misses you.
The emperor scorpion claws you but does no damage.
24819 ||| READING 7 scrolls of teleportation.
As you read the scroll of teleportation, it crumbles to dust.
You feel strangely unstable.
You block the emperor scorpion's attack. x2
The emperor scorpion claws you but does no damage.
Nikola casts a spell.
Lightning arcs from Nikola's hands!
The bolt of lightning hits the emperor scorpion!!
The emperor scorpion dies!
A bolt of lightning appears from out of thin air!
The bolt of lightning hits you!! You resist.
You die...

##~~~~~~~~~#
#~~~~~~~~~# .##.....(
##~~~~~~~~# #.#......
#~~~~#~~## #......#.
##~~~#### .........
#~~~~## #........
###~~~~~#### #.#....^.
#~~~~~~###~###.)......
#~~~~~~~~~~~#^@..)....
####~~~~~~#~..#).....^
##~#~~~~...........
###~~~~~..........
##~#~~......^..#
##~~~....#.....
##~~~#..........
##..~##...@...#^.
##..............


You could see Nikola.

Vanquished Creatures
  Rupert (Lair:5)
  Jorgrun (Spider:1)
  Agnes (D:15)
  Kirke (D:14)
  Gastronok (Lair:2)
  Roxanne (D:15)
  A ghost moth (Spider:1)
  An orc warlord (Orc:2)
  A dire elephant (D:15)
  An entropy weaver (Spider:1)
  5 hydras
  A vault guard (D:14)
  A catoblepas (Lair:4)
  3 boulder beetles
  8 two-headed ogres
  A two-headed ogre (shapeshifter) (D:12)
  11 death yaks
  An ogre mage (D:15)
  Erica (D:9)
  A tengu warrior (D:15)
  2 centaur warriors (D:15)
  Urug (D:12)
  Nergalle (Lair:3)
  3 orc high priests (Orc:2)
  A pharaoh ant (Spider:1)
  4 skeletal warriors (D:13)
  2 orb spiders (Spider:1)
  9 orc knights
  2 wizards (D:14)
  A necromancer (D:14)
  3 oklob plants (Lair:4)
  3 orc sorcerers
  4 deep elf pyromancers
  3 wolf spiders
  13 ugly things
  4 manticores
  6 elephants (Lair:2)
  3 moths of wrath (Spider:1)
  Maurice (Orc:1)
  4 black mambas
  3 centaur zombies (D:12)
  Joseph (D:9)
  3 torpor snails
  6 cane toads
  Maggie (Lair:2)
  2 gargoyles
  4 kobold demonologists
  9 komodo dragons
  5 rime drakes
  A tengu conjurer (D:15)
  A demonic crawler (Spider:1)
  2 ice devils (D:11)
  A yaktaur (D:15)
  3 trolls
  A wind drake (Lair:3)
  4 meliai
  11 polar bears
  A tarantella (Spider:1)
  7 hornets
  11 slime creatures (D:15)
  4 dream sheep
  22 blink frogs
  A meliai zombie (D:12)
  A water elemental (D:15)
  4 jumping spiders (Spider:1)
  A centaur simulacrum (D:14)
  8 wraiths
  4 wyverns
  14 spriggans (Lair:5)
  2 shadows
  A vampire (D:13)
  4 hogs (D:14)
  42 yaks
  A basilisk (Lair:2)
  A steam dragon (Lair:1)
  20 humans (D:14)
  8 redbacks (Spider:1)
  8 vampire mosquitoes
  2 wargs (Orc:1)
  An acid dragon (D:10)
  18 water moccasins
  29 orc warriors
  3 ice beasts
  4 black bears
  6 ogres
  19 wolves
  3 boggarts (Lair:5)
  3 centaurs
  A phantom (D:5)
  2 kobold brigands (D:8)
  Blork the orc (D:4)
  3 necrophages
  8 bullfrogs
  2 gnoll sergeants
  11 wights
  7 killer bees
  11 howler monkeys
  3 jellies
  10 orc priests
  3 hounds
  Terence (D:2)
  9 orc wizards
  4 iguanas
  8 gnolls
  3 adders
  A shadow imp (D:5)
  2 white imps
  An ufetubus (D:4)
  2 worms
  4 dart slugs
  43 orcs
  8 ball pythons
  11 endoplasms
  A giant cockroach (D:2)
  10 hobgoblins
  7 jackals
  5 quokkas
  4 bats
  8 frilled lizards
  5 goblins
  22 kobolds
  4 rats
  A butterfly (Lair:5)
650 creatures vanquished.

Vanquished Creatures (others)
  An emperor scorpion (Spider:1)
  2 meliai (Spider:1)
  45 fungi
  50 plants
  5 withered plants (D:12)
103 creatures vanquished.

Grand Total: 753 creatures vanquished

Notes
Turn   | Place    | Note
-------+----------+-------------------------------------------
     0 | D:1      | qw the Gargoyle Fighter began the quest for the Orb.
     0 | D:1      | Reached XP level 1. HP: 14/14 MP: 1/1
     0 | D:1      | 0 ||| qw: Version: 0.2-a-10-g37ed214
     0 | D:1      | 0 ||| qw: Game counter: 636
     0 | D:1      | 0 ||| qw: Always use a shield: true
     0 | D:1      | 0 ||| qw: God list: Okawaru
     0 | D:1      | 0 ||| qw: Allow faded altars: false
     0 | D:1      | 0 ||| qw: Do Orc after D:15 true
     0 | D:1      | 0 ||| qw: Do second Lair branch before Depths: true
     0 | D:1      | 0 ||| qw: Lair rune preference: random
     0 | D:1      | 0 ||| qw: Plans: Normal, Zot:1-4, God:TSO, Crypt, Tomb,
                  | Pan, Slime:5, Hells, Abyss, Orb
     0 | D:1      | 0 ||| PLANNING D:1-11
    96 | D:1      | 96 ||| Stepping ~*~*~tactically~*~*~ (stealth).
   105 | D:1      | 105 ||| Stepping ~*~*~tactically~*~*~ (stealth).
   128 | D:1      | Found a faded altar of an unknown god.
   170 | D:1      | Reached XP level 2. HP: 17/19 MP: 2/2
   170 | D:1      | 170 ||| Stepping ~*~*~tactically~*~*~ (stealth).
   185 | D:1      | 185 ||| Stepping ~*~*~tactically~*~*~ (hiding).
   710 | D:1      | 710 ||| Stepping ~*~*~tactically~*~*~ (stealth).
   755 | D:1      | 755 ||| UPGRADING to +0 pair of gloves.
   760 | D:1      | 760 ||| READING scroll labelled EFIAFFACZU.
   761 | D:1      | 761 ||| DRINKING 2 glowing amethyst potions.
   855 | D:2      | Reached skill level 3 in Axes
   855 | D:2      | 855 ||| STAIRDANCE
   941 | D:2      | Noticed Terence
   953 | D:2      | Killed Terence
   954 | D:2      | Reached XP level 3. HP: 19/23 MP: 3/3
  1055 | D:2      | 1055 ||| Stepping ~*~*~tactically~*~*~ (stealth).
  1290 | D:2      | Reached XP level 4. HP: 28/28 MP: 4/4
  1458 | D:2      | 1458 ||| Stepping ~*~*~tactically~*~*~ (stealth).
  1833 | D:2      | 1833 ||| UPGRADING to +2 scale mail of fire resistance.
  1843 | D:2      | 1843 ||| DROPPING +0 scale mail.
  1844 | D:2      | 1844 ||| READING 2 scrolls labelled TADAVO GUFOXU.
  1849 | D:2      | 1849 ||| READING scroll labelled SAAMNO ICLYXTU.
  1850 | D:2      | 1850 ||| READING scroll labelled WENKUZEVAT.
  1924 | D:3      | Found a sparkling altar of Nemelex Xobeh.
  2180 | D:3      | Found Adud's General Store.
  2348 | D:3      | Found a burning altar of Makhleb.
  2348 | D:3      | Noticed a blizzard demon
  2351 | D:3      | Noticed a smoke demon
  2351 | D:3      | Noticed a smoke demon
  2421 | D:3      | 2421 ||| Stepping ~*~*~tactically~*~*~ (hiding).
  2439 | D:3      | 2439 ||| SHOPLISTING 2 potions of mutation (224 gold, have
                  | 165).
  2439 | D:3      | 2439 ||| SHOPLISTING amulet of regeneration (420 gold, have
                  | 165).
  2455 | D:3      | 2455 ||| UPGRADING to ring of willpower.
  2763 | D:3      | 2763 ||| UPGRADING to +0 plate armour.
  2773 | D:3      | 2773 ||| DROPPING ring of wizardry.
  2774 | D:3      | 2774 ||| READING 3 scrolls labelled GUIDEO TISOU.
  2775 | D:3      | 2775 ||| READING scroll labelled FUHOGA DOMUDEX.
  2776 | D:3      | 2776 ||| READING scroll labelled QOOJAHY VEANA.
  2776 | D:3      | Identified a scroll of acquirement
  2776 | D:3      | 2776 ||| ACQUIRING +8 mithril axe "Arga" {speed, Will+}
  2776 | D:3      | Acquired the +8 mithril axe "Arga" {speed, Will+}
  2776 | D:3      | Found the +8 mithril axe "Arga" {speed, Will+}
  2778 | D:3      | 2778 ||| SWAPPING to +8 mithril axe "Arga" {speed, Will+}.
  2779 | D:3      | 2779 ||| DROPPING +1 war axe.
  2780 | D:3      | 2780 ||| DRINKING 2 grey potions.
  2781 | D:3      | 2781 ||| DRINKING 3 purple potions.
  2782 | D:3      | 2782 ||| READING 2 scrolls of identify.
  2782 | D:3      | 2782 ||| IDENTIFYING amethyst potion
  2783 | D:3      | 2783 ||| DROPPING potion of flight.
  2824 | D:4      | Reached XP level 5. HP: 32/32 MP: 5/5
  2838 | D:4      | Found a bloodstained altar of Trog.
  2893 | D:4      | HP: 8/32 [necrophage (1)]
  2894 | D:4      | 2894 ||| READING scroll of teleportation.
  2894 | D:4      | HP: 3/32 [necrophage (5)]
  2895 | D:4      | 2895 ||| DRINKING potion of heal wounds.
  3044 | D:4      | 3044 ||| Stepping ~*~*~tactically~*~*~ (stealth).
  3045 | D:4      | 3045 ||| Stepping ~*~*~tactically~*~*~ (stealth).
  3075 | D:4      | 3075 ||| DROPPING +0 mace.
  3168 | D:4      | Reached skill level 1 in Throwing
  3168 | D:4      | Reached XP level 6. HP: 37/37 MP: 6/6
  3312 | D:4      | Noticed Blork the orc
  3316 | D:4      | Killed Blork the orc
  3322 | D:4      | Reached skill level 6 in Axes
  3451 | D:4      | Reached XP level 7. HP: 43/43 MP: 7/7
  3609 | D:4      | 3609 ||| DROPPING +2 scale mail of fire resistance.
  3610 | D:4      | 3610 ||| READING scroll labelled QYNEKK XOPRAZA.
  3611 | D:4      | 3611 ||| READING scroll labelled ATEGOD ASSOMA.
  3612 | D:4      | 3612 ||| READING scroll labelled QUULOI CAOH.
  3713 | D:4      | 3713 ||| READING 2 scrolls of identify.
  3713 | D:4      | 3713 ||| IDENTIFYING sapphire potion
  3723 | D:5      | Entered Level 5 of the Dungeon
  4078 | D:5      | Found a snail-covered altar of Cheibriados.
  4267 | D:5      | Reached XP level 8. HP: 48/48 MP: 8/8
  4547 | D:5      | 4547 ||| READING scroll labelled NOIG QOT XUZXY.
  4548 | D:5      | 4548 ||| READING scroll labelled AHIUTR NUHUTA.
  4690 | D:6      | Reached skill level 1 in Dodging
  4864 | D:6      | Reached skill level 6 in Fighting
  5110 | D:6      | 5110 ||| UPGRADING to +1 pair of boots.
  5115 | D:6      | 5115 ||| UPGRADING to +6 ring of dexterity.
  5116 | D:6      | 5116 ||| READING 2 scrolls of identify.
  5116 | D:6      | 5116 ||| IDENTIFYING cyan potion
  5200 | D:7      | Found a glowing golden altar of the Shining One.
  5207 | D:7      | Found a flagged portal.
  5213 | D:7      | Identified the +0 broad axe of the Salmon {speed, rElec
                  | rPois rF+++ MP-9}
  5241 | D:7      | Reached XP level 9. HP: 55/55 MP: 9/9
  5403 | D:7      | 5403 ||| Stepping ~*~*~tactically~*~*~ (stealth).
  5404 | D:7      | 5404 ||| Stepping ~*~*~tactically~*~*~ (stealth).
  5455 | D:7      | Found a staircase to the Ecumenical Temple.
  5456 | D:7      | 5456 ||| PLANNING TEMPLE
  5456 | D:7      | 5456 ||| UPGRADING to +0 helmet.
  5461 | D:7      | 5461 ||| DRINKING 2 sedimented clear potions.
  5639 | D:7      | 5639 ||| READING 2 scrolls of identify.
  5639 | D:7      | 5639 ||| IDENTIFYING glowing puce potion
  5640 | D:7      | 5640 ||| DROPPING potion of magic.
  5641 | D:7      | 5641 ||| DROPPING potion of berserk rage.
  5650 | Temple   | Entered the Ecumenical Temple
  5683 | Temple   | 5683 ||| PLANNING OKAWARU WORSHIP
  6243 | Temple   | Became a worshipper of Warmaster Okawaru
  6244 | Temple   | 6244 ||| PLANNING D:1-11
  6394 | D:8      | Found a staircase to the Lair.
  6395 | D:8      | Noticed a komodo dragon
  6410 | D:8      | Killed a komodo dragon
  6411 | D:8      | Reached skill level 9 in Axes
  6536 | D:8      | 6536 ||| Stepping ~*~*~tactically~*~*~ (stealth).
  6618 | D:8      | Reached * piety under Okawaru
  6619 | D:8      | Reached skill level 6 in Armour
  6620 | D:8      | 6620 ||| Stepping ~*~*~tactically~*~*~ (hiding).
  6621 | D:8      | 6621 ||| Stepping ~*~*~tactically~*~*~ (hiding).
  6629 | D:8      | Reached skill level 1 in Invocations
  6705 | D:8      | 6705 ||| Stepping ~*~*~tactically~*~*~ (stealth).
  6715 | D:8      | 6715 ||| Stepping ~*~*~tactically~*~*~ (hiding).
  6723 | D:8      | 6723 ||| Stepping ~*~*~tactically~*~*~ (stealth).
  6842 | D:8      | 6842 ||| READING scroll of enchant armour.
  6842 | D:8      | 6842 ||| ENCHANTING +0 pair of gloves.
  6846 | D:8      | Found a blossoming altar of Fedhas.
  6858 | D:8      | 6858 ||| Stepping ~*~*~tactically~*~*~ (stealth).
  6868 | D:8      | 6868 ||| Stepping ~*~*~tactically~*~*~ (stealth).
  6885 | D:8      | 6885 ||| Stepping ~*~*~tactically~*~*~ (stealth).
  6886 | D:8      | 6886 ||| Stepping ~*~*~tactically~*~*~ (stealth).
  6887 | D:8      | 6887 ||| Stepping ~*~*~tactically~*~*~ (stealth).
  6888 | D:8      | 6888 ||| Stepping ~*~*~tactically~*~*~ (stealth).
  6889 | D:8      | 6889 ||| Stepping ~*~*~tactically~*~*~ (hiding).
  6890 | D:8      | 6890 ||| Stepping ~*~*~tactically~*~*~ (hiding).
  6891 | D:8      | 6891 ||| Stepping ~*~*~tactically~*~*~ (hiding).
  6892 | D:8      | 6892 ||| INVOKING Heroism.
  6896 | D:8      | Reached skill level 3 in Invocations
  7004 | D:8      | Found a transporter.
  7006 | D:8      | Found a transporter.
  7016 | D:8      | Noticed qw's ghost (novice GrFi)
  7300 | D:8      | Found a basalt altar of Yredelemnul.
  7300 | D:8      | Found a hide-covered altar of Uskayaw.
  7303 | D:8      | 7303 ||| PLANNING LAIR
  7303 | D:8      | 7303 ||| DROPPING +1 hat.
  7304 | D:8      | 7304 ||| READING 2 scrolls of identify.
  7304 | D:8      | 7304 ||| IDENTIFYING metallic sapphire potion
  7305 | D:8      | 7305 ||| DROPPING potion of brilliance.
  7306 | D:8      | 7306 ||| DROPPING potion of ambrosia.
  7386 | Lair:1   | Entered Level 1 of the Lair of Beasts
  7394 | Lair:1   | 7394 ||| INVOKING Heroism.
  7396 | Lair:1   | Reached ** piety under Okawaru
  7400 | Lair:1   | Reached XP level 10. HP: 62/63 MP: 9/13
  7418 | Lair:1   | 7418 ||| INVOKING Heroism.
  7422 | Lair:1   | Noticed a black mamba
  7438 | Lair:1   | Killed a black mamba
  7438 | Lair:1   | Reached *** piety under Okawaru
  7571 | Lair:1   | 7571 ||| INVOKING Heroism.
  7572 | Lair:1   | Noticed a cane toad
  7583 | Lair:1   | Killed a cane toad
  7591 | Lair:1   | 7591 ||| READING scroll of acquirement.
  7591 | Lair:1   | 7591 ||| ACQUIRING 1095 gold pieces
  7591 | Lair:1   | Acquired 1095 gold pieces
  7606 | Lair:1   | 7606 ||| INVOKING Heroism.
  7607 | Lair:1   | 7607 ||| Stepping ~*~*~tactically~*~*~ (cloud).
  7660 | Lair:1   | 7660 ||| READING scroll of acquirement.
  7660 | Lair:1   | 7660 ||| ACQUIRING 711 gold pieces
  7660 | Lair:1   | Acquired 711 gold pieces
  7698 | Lair:1   | Reached **** piety under Okawaru
  7733 | Lair:1   | 7733 ||| INVOKING Heroism.
  7835 | Lair:1   | 7835 ||| INVOKING Heroism.
  7838 | Lair:1   | 7838 ||| Stepping ~*~*~tactically~*~*~ (stealth).
  7839 | Lair:1   | 7839 ||| Stepping ~*~*~tactically~*~*~ (stealth).
  7875 | Lair:1   | Reached XP level 11. HP: 55/68 MP: 14/14
  7949 | Lair:1   | 7949 ||| INVOKING Heroism.
  8141 | Lair:1   | 8141 ||| READING scroll of enchant armour.
  8141 | Lair:1   | 8141 ||| ENCHANTING +1 pair of gloves.
  8197 | Lair:1   | 8197 ||| UPGRADING to ring of protection from fire.
  8199 | Lair:1   | 8199 ||| READING scroll labelled JUGRIUNW FUUBB.
  8340 | Lair:2   | 8340 ||| Stepping ~*~*~tactically~*~*~ (stealth).
  8341 | Lair:2   | Noticed a death yak
  8342 | Lair:2   | 8342 ||| Stepping ~*~*~tactically~*~*~ (stealth).
  8353 | Lair:2   | Noticed a death yak
  8354 | Lair:2   | Reached skill level 6 in Invocations
  8354 | Lair:2   | 8354 ||| INVOKING Heroism.
  8369 | Lair:2   | Killed a death yak
  8369 | Lair:2   | Reached ***** piety under Okawaru
  8369 | Lair:2   | Noticed a death yak
  8370 | Lair:2   | 8370 ||| INVOKING Finesse.
  8370 | Lair:2   | Noticed Maggie
  8377 | Lair:2   | Noticed a death yak
  8378 | Lair:2   | Killed a death yak
  8388 | Lair:2   | Noticed a death yak
  8393 | Lair:2   | Killed a death yak
  8399 | Lair:2   | Killed a death yak
  8400 | Lair:2   | Reached skill level 9 in Fighting
  8405 | Lair:2   | Killed a death yak
  8412 | Lair:2   | 8412 ||| INVOKING Heroism.
  8415 | Lair:2   | Killed Maggie
  8415 | Lair:2   | Received a gift from Okawaru
  8691 | Lair:2   | 8691 ||| INVOKING Heroism.
  8702 | Lair:2   | Reached skill level 9 in Invocations
  8816 | Lair:2   | 8816 ||| INVOKING Heroism.
  8933 | Lair:2   | Reached XP level 12. HP: 57/76 MP: 17/19
  9059 | Lair:2   | Noticed an eight-headed hydra
  9060 | Lair:2   | 9060 ||| INVOKING Heroism.
  9061 | Lair:2   | 9061 ||| INVOKING Finesse.
  9063 | Lair:2   | 9063 ||| SWAPPING to +0 flail.
  9077 | Lair:2   | Killed an eight-headed hydra
  9078 | Lair:2   | 9078 ||| SWAPPING to +8 mithril axe "Arga" {speed, Will+}.
  9113 | Lair:2   | 9113 ||| Stepping ~*~*~tactically~*~*~ (stealth).
  9119 | Lair:2   | 9119 ||| INVOKING Heroism.
  9310 | Lair:2   | 9310 ||| Stepping ~*~*~tactically~*~*~ (stealth).
  9310 | Lair:2   | Noticed Gastronok
  9311 | Lair:2   | 9311 ||| INVOKING Heroism.
  9339 | Lair:2   | HP: 11/76 [Gastronok (10)]
  9340 | Lair:2   | 9340 ||| READING 7 scrolls of teleportation.
  9341 | Lair:2   | 9341 ||| DRINKING 2 potions of heal wounds.
  9342 | Lair:2   | Killed Gastronok
  9343 | Lair:2   | Reached skill level 12 in Axes
  9769 | Lair:3   | 9769 ||| INVOKING Heroism.
  9770 | Lair:3   | 9770 ||| STAIRDANCE
  9788 | Lair:3   | 9788 ||| STAIRDANCE
  9870 | Lair:3   | 9870 ||| STAIRDANCE
  9872 | Lair:2   | 9872 ||| INVOKING Heroism.
  9893 | Lair:3   | Reached ****** piety under Okawaru
  9894 | Lair:3   | Reached skill level 9 in Armour
  9937 | Lair:3   | 9937 ||| STAIRDANCE
 10015 | Lair:3   | Received a gift from Okawaru
 10016 | Lair:3   | 10016 ||| STAIRDANCE
 10105 | Lair:3   | Noticed a five-headed hydra
 10106 | Lair:3   | 10106 ||| INVOKING Heroism.
 10107 | Lair:3   | 10107 ||| INVOKING Finesse.
 10112 | Lair:3   | 10112 ||| SWAPPING to +0 flail.
 10118 | Lair:3   | Killed a five-headed hydra
 10119 | Lair:3   | Reached skill level 6 in Shields
 10119 | Lair:3   | 10119 ||| SWAPPING to +8 mithril axe "Arga" {speed, Will+}.
 10170 | Lair:3   | Received a gift from Okawaru
 10176 | Lair:3   | 10176 ||| FLEEEEING.
 10177 | Lair:3   | 10177 ||| FLEEEEING.
 10178 | Lair:3   | 10178 ||| FLEEEEING.
 10179 | Lair:3   | 10179 ||| FLEEEEING.
 10184 | Lair:3   | 10184 ||| STAIRDANCE
 10230 | Lair:2   | 10230 ||| READING scroll labelled POGYSK NOYXKYTZ.
 10235 | Lair:3   | 10235 ||| STAIRDANCE
 10242 | Lair:3   | 10242 ||| STAIRDANCE
 10248 | Lair:2   | Reached skill level 3 in Dodging
 10250 | Lair:3   | 10250 ||| STAIRDANCE
 10305 | Lair:3   | 10305 ||| STAIRDANCE
 10399 | Lair:3   | Found a staircase to the Shoals.
 10405 | Lair:3   | 10405 ||| INVOKING Heroism.
 10541 | Lair:3   | Noticed Nergalle
 10542 | Lair:3   | 10542 ||| Stepping ~*~*~tactically~*~*~ (hiding).
 10544 | Lair:3   | 10544 ||| Stepping ~*~*~tactically~*~*~ (hiding).
 10547 | Lair:3   | 10547 ||| INVOKING Heroism.
 10566 | Lair:3   | Killed Nergalle
 10568 | Lair:3   | 10568 ||| Stepping ~*~*~tactically~*~*~ (stealth).
 10590 | Lair:3   | 10590 ||| Stepping ~*~*~tactically~*~*~ (stealth).
 10607 | Lair:3   | 10607 ||| Stepping ~*~*~tactically~*~*~ (stealth).
 10608 | Lair:3   | 10608 ||| Stepping ~*~*~tactically~*~*~ (stealth).
 10610 | Lair:3   | 10610 ||| Stepping ~*~*~tactically~*~*~ (stealth).
 10611 | Lair:3   | 10611 ||| FLEEEEING.
 10612 | Lair:3   | 10612 ||| FLEEEEING.
 10613 | Lair:3   | 10613 ||| FLEEEEING.
 10614 | Lair:3   | 10614 ||| FLEEEEING.
 10615 | Lair:3   | 10615 ||| INVOKING Heroism.
 10635 | Lair:3   | 10635 ||| Stepping ~*~*~tactically~*~*~ (stealth).
 10639 | Lair:3   | Identified the +1 robe "Yfotoyp" {Str+4 Stlth+} (Okawaru
                  | gifted it to you on level 3 of the Lair of Beasts)
 10639 | Lair:3   | Received a gift from Okawaru
 10748 | Lair:3   | Noticed a death yak
 10748 | Lair:3   | Noticed a death yak
 10749 | Lair:3   | 10749 ||| INVOKING Heroism.
 10749 | Lair:3   | Noticed a death yak
 10750 | Lair:3   | 10750 ||| INVOKING Finesse.
 10750 | Lair:3   | Noticed a death yak
 10751 | Lair:3   | 10751 ||| INVOKING Finesse.
 10752 | Lair:3   | Noticed a death yak
 10753 | Lair:3   | 10753 ||| Stepping ~*~*~tactically~*~*~ (stealth).
 10757 | Lair:3   | Noticed a death yak
 10758 | Lair:3   | Killed a death yak
 10763 | Lair:3   | Killed a death yak
 10764 | Lair:3   | Reached XP level 13. HP: 82/82 MP: 13/20
 10773 | Lair:3   | Reached skill level 3 in Throwing
 10810 | Lair:3   | 10810 ||| INVOKING Heroism.
 10811 | Lair:3   | 10811 ||| Stepping ~*~*~tactically~*~*~ (stealth).
 10833 | Lair:3   | 10833 ||| Stepping ~*~*~tactically~*~*~ (stealth).
 10897 | Lair:3   | 10897 ||| INVOKING Heroism.
 10898 | Lair:3   | 10898 ||| SWAPPING to +0 flail.
 10899 | Lair:3   | 10899 ||| INVOKING Finesse.
 10907 | Lair:3   | 10907 ||| SWAPPING to +8 mithril axe "Arga" {speed, Will+}.
 10993 | Lair:3   | Found a hole to the Spider Nest.
 11186 | Lair:3   | 11186 ||| DRINKING 2 puce potions.
 11187 | Lair:3   | 11187 ||| DROPPING potion of degeneration.
 11270 | Lair:4   | Found a dark tunnel.
 11475 | Lair:4   | 11475 ||| INVOKING Heroism.
 11476 | Lair:4   | 11476 ||| INVOKING Finesse.
 11477 | Lair:4   | Found a viscous altar of Jiyva.
 11478 | Lair:4   | Found a staircase to the Slime Pits.
 11897 | Lair:4   | 11897 ||| INVOKING Heroism.
 11898 | Lair:4   | 11898 ||| INVOKING Finesse.
 12368 | Lair:4   | 12368 ||| READING scroll labelled VOIMMI GADI.
 12412 | Lair:5   | Entered Level 5 of the Lair of Beasts
 12413 | Lair:5   | 12413 ||| INVOKING Heroism.
 12414 | Lair:5   | 12414 ||| STAIRDANCE
 12428 | Lair:5   | 12428 ||| STAIRDANCE
 12491 | Lair:5   | 12491 ||| INVOKING Heroism.
 12497 | Lair:5   | Identified the +1 kite shield "Vealain" {rPois rF+ Int+3
                  | Stlth-} (Okawaru gifted it to you on level 5 of the Lair of
                  | Beasts)
 12497 | Lair:5   | Received a gift from Okawaru
 12629 | Lair:5   | 12629 ||| FLEEEEING.
 12630 | Lair:5   | 12630 ||| FLEEEEING.
 12711 | Lair:5   | 12711 ||| INVOKING Heroism.
 12808 | Lair:5   | 12808 ||| FLEEEEING.
 12809 | Lair:5   | 12809 ||| FLEEEEING.
 12810 | Lair:5   | 12810 ||| FLEEEEING.
 12811 | Lair:5   | 12811 ||| FLEEEEING.
 12812 | Lair:5   | 12812 ||| FLEEEEING.
 12813 | Lair:5   | 12813 ||| FLEEEEING.
 12814 | Lair:5   | 12814 ||| FLEEEEING.
 12815 | Lair:5   | 12815 ||| FLEEEEING.
 12816 | Lair:5   | 12816 ||| FLEEEEING.
 12817 | Lair:5   | 12817 ||| FLEEEEING.
 12818 | Lair:5   | 12818 ||| FLEEEEING.
 12819 | Lair:5   | 12819 ||| FLEEEEING.
 12820 | Lair:5   | 12820 ||| FLEEEEING.
 12822 | Lair:5   | 12822 ||| FLEEEEING.
 12823 | Lair:5   | 12823 ||| FLEEEEING.
 12824 | Lair:5   | 12824 ||| STAIRDANCE
 12826 | Lair:4   | 12826 ||| UPGRADING to +1 kite shield "Vealain" {rPois rF+
                  | Int+3 Stlth-}.
 12836 | Lair:4   | 12836 ||| DROPPING +0 buckler.
 12837 | Lair:4   | 12837 ||| UPGRADING to ring of willpower.
 12841 | Lair:5   | 12841 ||| INVOKING Heroism.
 12879 | Lair:5   | 12879 ||| INVOKING Heroism.
 12895 | Lair:5   | 12895 ||| INVOKING Finesse.
 12898 | Lair:5   | 12898 ||| Stepping ~*~*~tactically~*~*~ (stealth).
 12937 | Lair:5   | 12937 ||| Stepping ~*~*~tactically~*~*~ (hiding).
 12959 | Lair:5   | 12959 ||| Stepping ~*~*~tactically~*~*~ (stealth).
 12975 | Lair:5   | 12975 ||| Stepping ~*~*~tactically~*~*~ (stealth).
 12976 | Lair:5   | 12976 ||| INVOKING Heroism.
 12998 | Lair:5   | 12998 ||| Stepping ~*~*~tactically~*~*~ (stealth).
 13003 | Lair:5   | 13003 ||| Stepping ~*~*~tactically~*~*~ (stealth).
 13007 | Lair:5   | 13007 ||| Stepping ~*~*~tactically~*~*~ (stealth).
 13008 | Lair:5   | 13008 ||| Stepping ~*~*~tactically~*~*~ (stealth).
 13051 | Lair:5   | 13051 ||| INVOKING Heroism.
 13052 | Lair:5   | 13052 ||| Stepping ~*~*~tactically~*~*~ (stealth).
 13103 | Lair:5   | 13103 ||| Stepping ~*~*~tactically~*~*~ (hiding).
 13120 | Lair:5   | 13120 ||| INVOKING Heroism.
 13124 | Lair:5   | 13124 ||| INVOKING Finesse.
 13150 | Lair:5   | Reached skill level 9 in Shields
 13172 | Lair:5   | 13172 ||| Stepping ~*~*~tactically~*~*~ (stealth).
 13175 | Lair:5   | 13175 ||| Stepping ~*~*~tactically~*~*~ (stealth).
 13177 | Lair:5   | 13177 ||| Stepping ~*~*~tactically~*~*~ (stealth).
 13178 | Lair:5   | 13178 ||| Stepping ~*~*~tactically~*~*~ (stealth).
 13179 | Lair:5   | 13179 ||| Stepping ~*~*~tactically~*~*~ (stealth).
 13189 | Lair:5   | 13189 ||| INVOKING Heroism.
 13310 | Lair:5   | 13310 ||| INVOKING Heroism.
 13369 | Lair:5   | 13369 ||| INVOKING Heroism.
 13422 | Lair:5   | 13422 ||| INVOKING Heroism.
 13595 | Lair:5   | Gained mutation: Your large and strong wings let you fly.
                  | [Gargoyle growth]
 13595 | Lair:5   | Reached XP level 14. HP: 88/88 MP: 21/21
 13596 | Lair:5   | 13596 ||| INVOKING Heroism.
 13880 | Lair:5   | Identified the +11 glaive "Namuanuw" {vorpal, MP+9 Int+5}
 13880 | Lair:5   | Noticed Rupert
 13881 | Lair:5   | 13881 ||| INVOKING Heroism.
 13882 | Lair:5   | 13882 ||| INVOKING Finesse.
 13916 | Lair:5   | Killed Rupert
 14060 | Lair:5   | 14060 ||| FLEEEEING.
 14172 | Lair:5   | 14172 ||| Stepping ~*~*~tactically~*~*~ (stealth).
 14176 | Lair:5   | 14176 ||| Stepping ~*~*~tactically~*~*~ (stealth).
 14182 | Lair:5   | 14182 ||| INVOKING Heroism.
 14187 | Lair:5   | Identified the +3 chain mail "Gydamm" {*Corrode rElec rPois
                  | rC++ Int+4} (Okawaru gifted it to you on level 5 of the
                  | Lair of Beasts)
 14187 | Lair:5   | Received a gift from Okawaru
 14226 | Lair:5   | 14226 ||| INVOKING Heroism.
 14338 | Lair:5   | 14338 ||| Stepping ~*~*~tactically~*~*~ (hiding).
 14339 | Lair:5   | 14339 ||| Stepping ~*~*~tactically~*~*~ (hiding).
 14653 | Lair:5   | 14653 ||| INVOKING Heroism.
 14654 | Lair:5   | 14654 ||| SWAPPING to +0 flail.
 14655 | Lair:5   | 14655 ||| INVOKING Finesse.
 14667 | Lair:5   | 14667 ||| SWAPPING to +8 mithril axe "Arga" {speed, Will+}.
 15047 | Lair:5   | 15047 ||| PLANNING D:1-11
 15047 | Lair:5   | 15047 ||| UPGRADING to +3 chain mail "Gydamm" {*Corrode
                  | rElec rPois rC++ Int+4}.
 15057 | Lair:5   | 15057 ||| UPGRADING to +4 ring of protection.
 15059 | Lair:5   | 15059 ||| DROPPING ring of willpower.
 15060 | Lair:5   | 15060 ||| READING 3 scrolls of identify.
 15060 | Lair:5   | 15060 ||| IDENTIFYING metallic dark potion
 15242 | D:9      | 15242 ||| INVOKING Heroism.
 15248 | D:9      | 15248 ||| Stepping ~*~*~tactically~*~*~ (hiding).
 15252 | D:9      | 15252 ||| Stepping ~*~*~tactically~*~*~ (hiding).
 15254 | D:9      | Noticed Erica
 15255 | D:9      | 15255 ||| INVOKING Finesse.
 15285 | D:9      | Killed Erica
 15399 | D:9      | 15399 ||| Stepping ~*~*~tactically~*~*~ (hiding).
 15640 | D:9      | You are sucked into a shaft and drop 1 floor!
 15640 | D:10     | Entered Level 10 of the Dungeon
 15654 | D:10     | 15654 ||| Stepping ~*~*~tactically~*~*~ (stealth).
 15656 | D:10     | 15656 ||| INVOKING Heroism.
 15735 | D:10     | 15735 ||| Stepping ~*~*~tactically~*~*~ (stealth).
 15776 | D:10     | Reached skill level 12 in Shields
 15824 | D:10     | Found a sacrificial altar of Ru.
 16026 | D:9      | Noticed Joseph
 16027 | D:9      | 16027 ||| Stepping ~*~*~tactically~*~*~ (hiding).
 16037 | D:9      | Killed Joseph
 16128 | D:10     | Found a staircase to the Orcish Mines.
 16189 | D:10     | 16189 ||| Stepping ~*~*~tactically~*~*~ (stealth).
 16243 | D:10     | 16243 ||| Stepping ~*~*~tactically~*~*~ (stealth).
 16321 | D:10     | Identified the +1 robe "Viup" {Will+}
 16377 | D:10     | 16377 ||| Stepping ~*~*~tactically~*~*~ (stealth).
 16387 | D:10     | 16387 ||| INVOKING Heroism.
 16400 | D:10     | 16400 ||| Stepping ~*~*~tactically~*~*~ (hiding).
 16401 | D:10     | 16401 ||| Stepping ~*~*~tactically~*~*~ (hiding).
 16402 | D:10     | 16402 ||| Stepping ~*~*~tactically~*~*~ (hiding).
 16725 | D:10     | 16725 ||| DROPPING ring of magical power.
 16726 | D:10     | 16726 ||| READING 2 scrolls of identify.
 16726 | D:10     | 16726 ||| IDENTIFYING yellow potion
 16808 | D:11     | 16808 ||| Stepping ~*~*~tactically~*~*~ (hiding).
 16966 | D:11     | Found a frozen archway.
 16991 | D:11     | 16991 ||| DROPPING +0 flail.
 17270 | D:11     | 17270 ||| PLANNING D
 17369 | D:12     | 17369 ||| INVOKING Heroism.
 17417 | D:12     | Noticed Urug
 17426 | D:12     | 17426 ||| FLEEEEING.
 17427 | D:12     | 17427 ||| FLEEEEING.
 17428 | D:12     | 17428 ||| FLEEEEING.
 17429 | D:12     | 17429 ||| FLEEEEING.
 17430 | D:12     | 17430 ||| FLEEEEING.
 17431 | D:12     | 17431 ||| FLEEEEING.
 17432 | D:12     | 17432 ||| FLEEEEING.
 17433 | D:12     | 17433 ||| FLEEEEING.
 17434 | D:12     | 17434 ||| FLEEEEING.
 17435 | D:12     | 17435 ||| FLEEEEING.
 17436 | D:12     | 17436 ||| FLEEEEING.
 17437 | D:12     | 17437 ||| FLEEEEING.
 17438 | D:12     | 17438 ||| FLEEEEING.
 17439 | D:12     | 17439 ||| FLEEEEING.
 17440 | D:12     | 17440 ||| FLEEEEING.
 17441 | D:12     | 17441 ||| FLEEEEING.
 17442 | D:12     | 17442 ||| FLEEEEING.
 17443 | D:12     | 17443 ||| STAIRDANCE
 17663 | D:12     | 17663 ||| INVOKING Heroism.
 17666 | D:12     | Killed Urug
 17667 | D:12     | Reached skill level 15 in Axes
 17771 | D:12     | 17771 ||| READING 9 scrolls of teleportation.
 18230 | D:12     | 18230 ||| UPGRADING to +0 tower shield.
 18240 | D:12     | 18240 ||| DROPPING +1 kite shield "Vealain" {rPois rF+
                  | Int+3 Stlth-}.
 18241 | D:12     | 18241 ||| UPGRADING to ring of protection from fire.
 18435 | D:13     | 18435 ||| Stepping ~*~*~tactically~*~*~ (stealth).
 18437 | D:13     | 18437 ||| Stepping ~*~*~tactically~*~*~ (stealth).
 18438 | D:13     | 18438 ||| INVOKING Heroism.
 18648 | D:13     | 18648 ||| Stepping ~*~*~tactically~*~*~ (hiding).
 18656 | D:13     | 18656 ||| INVOKING Heroism.
 18658 | D:13     | 18658 ||| Stepping ~*~*~tactically~*~*~ (hiding).
 18965 | D:13     | Identified the +0 dagger of Conformity {venom, Str+4}
 19085 | D:13     | 19085 ||| Stepping ~*~*~tactically~*~*~ (stealth).
 19088 | D:13     | 19088 ||| Stepping ~*~*~tactically~*~*~ (hiding).
 19092 | D:13     | 19092 ||| INVOKING Heroism.
 19182 | D:13     | 19182 ||| READING scroll labelled XOLEICROZI.
 19183 | D:13     | 19183 ||| READING 5 scrolls of identify.
 19183 | D:13     | 19183 ||| IDENTIFYING lumpy blue potion
 19280 | D:14     | Reached XP level 15. HP: 94/94 MP: 22/22
 19372 | D:14     | 19372 ||| INVOKING Heroism.
 19536 | D:14     | Found Baomun's Armour Emporium.
 19611 | D:14     | Noticed Kirke
 19612 | D:14     | 19612 ||| INVOKING Heroism.
 19613 | D:14     | 19613 ||| INVOKING Finesse.
 19632 | D:14     | Killed Kirke
 19707 | D:14     | 19707 ||| INVOKING Heroism.
 19763 | D:14     | Found a gate to the Vaults.
 19924 | D:14     | 19924 ||| Stepping ~*~*~tactically~*~*~ (hiding).
 20202 | D:14     | 20202 ||| INVOKING Heroism.
 20279 | D:14     | 20279 ||| UPGRADING to +2 tower shield.
 20289 | D:14     | 20289 ||| DROPPING +0 tower shield.
 20290 | D:14     | 20290 ||| DROPPING amulet of magic regeneration.
 20291 | D:14     | 20291 ||| DROPPING ring of positive energy.
 20318 | D:15     | Entered Level 15 of the Dungeon
 20497 | D:15     | 20497 ||| INVOKING Heroism.
 20498 | D:15     | 20498 ||| SWAPPING to +0 morningstar.
 20499 | D:15     | 20499 ||| INVOKING Finesse.
 20508 | D:15     | 20508 ||| SWAPPING to +8 mithril axe "Arga" {speed, Will+}.
 20510 | D:15     | 20510 ||| Stepping ~*~*~tactically~*~*~ (stealth).
 20535 | D:15     | 20535 ||| Stepping ~*~*~tactically~*~*~ (stealth).
 20536 | D:15     | 20536 ||| Stepping ~*~*~tactically~*~*~ (stealth).
 20566 | D:15     | Found an opulent altar of Gozag.
 20581 | D:15     | Received a gift from Okawaru
 20721 | D:15     | 20721 ||| Stepping ~*~*~tactically~*~*~ (stealth).
 20732 | D:15     | Reached skill level 15 in Shields
 20850 | D:15     | 20850 ||| INVOKING Heroism.
 20857 | D:15     | 20857 ||| Stepping ~*~*~tactically~*~*~ (hiding).
 20862 | D:15     | Noticed Agnes
 20863 | D:15     | 20863 ||| INVOKING Finesse.
 20889 | D:15     | Killed Agnes
 20915 | D:15     | 20915 ||| Stepping ~*~*~tactically~*~*~ (stealth).
 20917 | D:15     | 20917 ||| Stepping ~*~*~tactically~*~*~ (hiding).
 20925 | D:15     | 20925 ||| INVOKING Heroism.
 20994 | D:15     | 20994 ||| Stepping ~*~*~tactically~*~*~ (stealth).
 20999 | D:15     | 20999 ||| INVOKING Heroism.
 21007 | D:15     | 21007 ||| READING 10 scrolls of teleportation.
 21033 | D:15     | 21033 ||| INVOKING Heroism.
 21046 | D:15     | Found a staircase to the Depths.
 21106 | D:15     | 21106 ||| INVOKING Heroism.
 21149 | D:15     | Identified the +8 war axe of Karma {freeze, *Noise Str+2
                  | Int+6 Stlth+} (Okawaru gifted it to you on level 15 of the
                  | Dungeon)
 21149 | D:15     | Received a gift from Okawaru
 21255 | D:15     | 21255 ||| INVOKING Heroism.
 21256 | D:15     | Noticed Josephine
 21260 | D:15     | 21260 ||| READING 9 scrolls of teleportation.
 21682 | D:15     | 21682 ||| Stepping ~*~*~tactically~*~*~ (stealth).
 21686 | D:15     | 21686 ||| Stepping ~*~*~tactically~*~*~ (stealth).
 21691 | D:15     | 21691 ||| Stepping ~*~*~tactically~*~*~ (stealth).
 21695 | D:15     | 21695 ||| INVOKING Heroism.
 21698 | D:15     | 21698 ||| READING 8 scrolls of teleportation.
 21749 | D:15     | 21749 ||| Stepping ~*~*~tactically~*~*~ (stealth).
 21762 | D:15     | 21762 ||| FLEEEEING.
 21763 | D:15     | 21763 ||| FLEEEEING.
 21764 | D:15     | 21764 ||| FLEEEEING.
 21765 | D:15     | 21765 ||| FLEEEEING.
 21768 | D:15     | 21768 ||| FLEEEEING.
 21769 | D:15     | 21769 ||| FLEEEEING.
 21772 | D:15     | 21772 ||| FLEEEEING.
 21773 | D:15     | 21773 ||| FLEEEEING.
 21774 | D:15     | 21774 ||| FLEEEEING.
 21775 | D:15     | 21775 ||| FLEEEEING.
 21776 | D:15     | 21776 ||| FLEEEEING.
 21779 | D:15     | 21779 ||| FLEEEEING.
 21837 | D:15     | 21837 ||| INVOKING Heroism.
 21843 | D:15     | Reached skill level 12 in Fighting
 21959 | D:15     | Noticed Roxanne
 21960 | D:15     | 21960 ||| INVOKING Heroism.
 21961 | D:15     | 21961 ||| INVOKING Finesse.
 21996 | D:15     | Killed Roxanne
 22196 | D:15     | 22196 ||| Stepping ~*~*~tactically~*~*~ (stealth).
 22200 | D:15     | 22200 ||| INVOKING Heroism.
 22212 | D:15     | 22212 ||| READING 7 scrolls of teleportation.
 22426 | D:15     | 22426 ||| PLANNING ORC
 22577 | Orc:1    | Entered Level 1 of the Orcish Mines
 22596 | Orc:1    | 22596 ||| INVOKING Heroism.
 22609 | Orc:1    | 22609 ||| Stepping ~*~*~tactically~*~*~ (hiding).
 22640 | Orc:1    | Reached XP level 16. HP: 94/101 MP: 23/23
 22722 | Orc:1    | 22722 ||| Stepping ~*~*~tactically~*~*~ (hiding).
 22725 | Orc:1    | 22725 ||| Stepping ~*~*~tactically~*~*~ (hiding).
 22939 | Orc:2    | Entered Level 2 of the Orcish Mines
 22940 | Orc:2    | 22940 ||| PLANNING GAUNTLET
 22940 | Orc:2    | 22940 ||| INVOKING Heroism.
 23020 | Orc:2    | Found Zypraqig's General Store.
 23029 | Orc:2    | 23029 ||| BUYING potion of might (40 gold).
 23029 | Orc:2    | Bought a potion of might for 40 gold pieces
 23029 | Orc:2    | 23029 ||| BUYING potion of mutation (80 gold).
 23029 | Orc:2    | Bought a potion of mutation for 80 gold pieces
 23029 | Orc:2    | 23029 ||| BUYING scroll of teleportation (30 gold).
 23029 | Orc:2    | Bought a scroll of teleportation for 30 gold pieces
 23036 | Orc:2    | Found Canourih's Antique Weapon Emporium.
 23049 | Orc:2    | 23049 ||| INVOKING Heroism.
 23052 | Orc:2    | Found Edetoun's Antique Armour Boutique.
 23058 | Orc:2    | Reached skill level 6 in Throwing
 23089 | Orc:2    | 23089 ||| INVOKING Heroism.
 23103 | Orc:2    | Identified the +0 helmet of Hane {rC+ Int-3 SInv Stlth+}
                  | (Okawaru gifted it to you on level 2 of the Orcish Mines)
 23103 | Orc:2    | Received a gift from Okawaru
 23104 | Orc:2    | 23104 ||| INVOKING Finesse.
 23105 | Orc:2    | 23105 ||| INVOKING Finesse.
 23145 | Orc:2    | 23145 ||| Stepping ~*~*~tactically~*~*~ (stealth).
 23146 | Orc:2    | 23146 ||| Stepping ~*~*~tactically~*~*~ (stealth).
 23147 | Orc:2    | 23147 ||| Stepping ~*~*~tactically~*~*~ (stealth).
 23171 | Orc:2    | 23171 ||| Stepping ~*~*~tactically~*~*~ (stealth).
 23172 | Orc:2    | 23172 ||| Stepping ~*~*~tactically~*~*~ (stealth).
 23173 | Orc:2    | 23173 ||| FLEEEEING.
 23174 | Orc:2    | 23174 ||| FLEEEEING.
 23175 | Orc:2    | 23175 ||| FLEEEEING.
 23176 | Orc:2    | 23176 ||| FLEEEEING.
 23177 | Orc:2    | 23177 ||| FLEEEEING.
 23178 | Orc:2    | 23178 ||| FLEEEEING.
 23179 | Orc:2    | 23179 ||| FLEEEEING.
 23180 | Orc:2    | 23180 ||| FLEEEEING.
 23181 | Orc:2    | 23181 ||| FLEEEEING.
 23182 | Orc:2    | 23182 ||| FLEEEEING.
 23183 | Orc:2    | 23183 ||| FLEEEEING.
 23184 | Orc:2    | 23184 ||| FLEEEEING.
 23185 | Orc:2    | 23185 ||| FLEEEEING.
 23186 | Orc:2    | 23186 ||| FLEEEEING.
 23187 | Orc:2    | 23187 ||| STAIRDANCE
 23253 | Orc:2    | 23253 ||| STAIRDANCE
 23255 | Orc:1    | 23255 ||| INVOKING Heroism.
 23262 | Orc:2    | 23262 ||| STAIRDANCE
 23289 | Orc:2    | 23289 ||| STAIRDANCE
 23318 | Orc:2    | Found Bagirrug's Jewellery Boutique.
 23341 | Orc:2    | 23341 ||| INVOKING Heroism.
 23361 | Orc:2    | 23361 ||| Stepping ~*~*~tactically~*~*~ (stealth).
 23384 | Orc:2    | 23384 ||| INVOKING Heroism.
 23480 | Orc:2    | 23480 ||| RIP GAUNTLET
 23483 | Orc:2    | 23483 ||| PLANNING ORC
 23502 | Orc:2    | 23502 ||| BUYING runed scarf (280 gold).
 23502 | Orc:2    | Bought a runed scarf for 280 gold pieces
 23511 | Orc:2    | Found Bubrusog's Antique Weapon Emporium.
 23519 | Orc:2    | 23519 ||| BUYING glowing morningstar (280 gold).
 23519 | Orc:2    | Bought a glowing morningstar for 280 gold pieces
 23519 | Orc:2    | 23519 ||| DROPPING +0 morningstar.
 23536 | Orc:2    | 23536 ||| BUYING +4 ring of evasion (504 gold).
 23536 | Orc:2    | Bought a +4 ring of evasion for 504 gold pieces
 23536 | Orc:2    | 23536 ||| BUYING amulet of the acrobat (420 gold).
 23536 | Orc:2    | Bought an amulet of the acrobat for 420 gold pieces
 23536 | Orc:2    | 23536 ||| BUYING ring of protection from cold (350 gold).
 23536 | Orc:2    | Bought a ring of protection from cold for 350 gold pieces
 23536 | Orc:2    | 23536 ||| BUYING ring of protection from fire (350 gold).
 23536 | Orc:2    | Bought a ring of protection from fire for 350 gold pieces
 23551 | Orc:2    | Found a staircase to the Elven Halls.
 23787 | Orc:2    | 23787 ||| DROPPING +1 chain mail of fire resistance.
 23788 | Orc:2    | 23788 ||| DROPPING +0 plate armour.
 23789 | Orc:2    | 23789 ||| UPGRADING to +2 plate armour of positive energy.
 23799 | Orc:2    | 23799 ||| UPGRADING to +0 helmet of Hane {rC+ Int-3 SInv
                  | Stlth+}.
 23809 | Orc:2    | 23809 ||| DROPPING +0 helmet.
 23810 | Orc:2    | 23810 ||| UPGRADING to +4 plate armour.
 23820 | Orc:2    | 23820 ||| DROPPING +2 plate armour of positive energy.
 23821 | Orc:2    | 23821 ||| UPGRADING to scarf of resistance.
 23826 | Orc:2    | 23826 ||| UPGRADING to amulet of the acrobat.
 23831 | Orc:2    | 23831 ||| DROPPING ring of fire.
 23832 | Orc:2    | 23832 ||| UPGRADING to +6 ring of dexterity.
 23834 | Orc:2    | 23834 ||| UPGRADING to +4 ring of evasion.
 23836 | Orc:2    | 23836 ||| DROPPING +6 ring of dexterity.
 23883 | Orc:1    | Noticed Maurice
 23900 | Orc:1    | 23900 ||| INVOKING Heroism.
 23902 | Orc:1    | Killed Maurice
 23914 | Orc:1    | 23914 ||| INVOKING Heroism.
 24039 | Orc:1    | Found a runed translucent door.
 24044 | Orc:1    | Noticed qw's ghost (adept GrFi)
 24046 | Orc:1    | 24046 ||| PLANNING SPIDER:1-3
 24249 | Spider:1 | Entered Level 1 of the Spider Nest
 24251 | Spider:1 | 24251 ||| Stepping ~*~*~tactically~*~*~ (stealth).
 24252 | Spider:1 | 24252 ||| Stepping ~*~*~tactically~*~*~ (stealth).
 24253 | Spider:1 | 24253 ||| INVOKING Heroism.
 24402 | Spider:1 | 24402 ||| Stepping ~*~*~tactically~*~*~ (hiding).
 24404 | Spider:1 | 24404 ||| INVOKING Finesse.
 24491 | Spider:1 | 24491 ||| Stepping ~*~*~tactically~*~*~ (stealth).
 24492 | Spider:1 | 24492 ||| Stepping ~*~*~tactically~*~*~ (stealth).
 24499 | Spider:1 | 24499 ||| INVOKING Heroism.
 24522 | Spider:1 | 24522 ||| Stepping ~*~*~tactically~*~*~ (stealth).
 24523 | Spider:1 | 24523 ||| Stepping ~*~*~tactically~*~*~ (stealth).
 24527 | Spider:1 | 24527 ||| INVOKING Finesse.
 24701 | Spider:1 | 24701 ||| INVOKING Finesse.
 24710 | Spider:1 | Noticed Jorgrun
 24711 | Spider:1 | 24711 ||| INVOKING Heroism.
 24722 | Spider:1 | Killed Jorgrun
 24802 | Spider:1 | 24802 ||| INVOKING Heroism.
 24816 | Spider:1 | Noticed Nikola
 24818 | Spider:1 | HP: 18/101 [Nikola/arc of chain lightning (30)]
 24819 | Spider:1 | 24819 ||| READING 7 scrolls of teleportation.
 24819 | Spider:1 | Killed from afar by Nikola

Levels and vault maps discovered:
D:1:      giann_forest_graveyard, layout_loops_cross,
          hellmonk_ecumenical_altar_run_dry, chequers_mini_garden,
          amcnicky_mini_rare_corridor_liquid
D:2:      layout_basic, uniq_terence
D:3:      layout_basic, nemelex_altar_shiori, makhleb_altar_promises_db,
          serial_shops, nicolae_shop_waterfront, serial_glass, glass_columns_a,
          glass_columns_b
D:4:      minmay_inner_zag, layout_gridville, mainiacjoe_overflow_24_doors,
          minmay_bent, uniq_blork_the_orc
D:5:      layout_loops_ring, slow_altar_2
D:6:      layout_basic, serial_corexii_hall, chequers_hall_statues_wall_a,
          corexii_hall_statues_t
D:7:      layout_cave_pools, lemuel_doored_altar, temple_fountains,
          enter_bailey_2
D:8:      layout_basic, fedhas_altar_1, gammafunk_temple_overflow_elements,
          david_lair_shrubbed, gammafunk_ghost_hive,
          ebering_dispersal_statue_hall
D:9:      layout_gridville, uniq_joseph, uniq_erica
D:10:     layout_loops_ring, mainiacjoe_overflow_brackets, orc_0_dummy
D:11:     layout_cave_pools, portal_ice_cave_demonic_guard
D:12:     layout_cross, serial_undead, serial_undead_e, serial_undead_a,
          serial_undead_e, serial_undead_a, uniq_urug
D:13:     layout_loops_cross
D:14:     layout_stronghold, grunt_vaults_entry_tiered, serial_shops,
          kennysheep_mini, minmay_variable_closet, uniq_kirke
D:15:     hangedman_depths_entry_try_elsewhere_first, layout_basic, minivault_4,
          grunt_gozag_breadcrumbs, uniq_agnes, uniq_roxanne, uniq_josephine
Temple:   compressed_dpeg_triangle_lava_temple
Lair:1:   layout_big_grid
Lair:2:   layout_gridlike, uniq_maggie, uniq_gastronok
Lair:3:   layout_misc_corridors, minmay_shoals_entry_beasts, dummy_spider_entry,
          grunt_megastairs_2, uniq_nergalle
Lair:4:   layout_gridlike, minmay_slime_entry_oklob_enclosed,
          nicolae_volcano_entry_lava_flow, minivault_24, grunt_megastairs_3
Lair:5:   minmay_lair_end_enchanted_forest, layout_layer_cave,
          serial_bayou_ford_a, grunt_megastairs_5, lemuel_fruit_fields,
          uniq_rupert
Spider:1: layout_spider_delve, nicolae_spider_moth_buddies, uniq_mlioglotl,
          uniq_jorgrun, uniq_nikola
Orc:1:    layout_caves, ebering_ghost_reflecting_pool, uniq_maurice
Orc:2:    grunt_orc_gardens, layout_caves, grunt_orc_garden, grunt_orc_garden,
          grunt_orc_garden, grunt_orc_garden, basic_altar,
          gauntlet_entry_generic, serial_shops,
          nicolae_shop_temple_entry_statues_fountains

Skill      XL: |  1  2  3  4  5  6  7  8  9 10 11 12 13 14 15 16 |
---------------+-------------------------------------------------+-----
Axes           | 2 3 4 5 6 7 8 9 10 11 13 14 15 16 | 16.0
Throwing       | 1 2 3 5 6 |  6.1
Fighting       | 4 6 7 8 9 10 11 12 | 12.0
Armour         | 4 5 6 7 8 9 10 11 | 11.0
Dodging        | 1 2 3 4 |  4.0
Invocations    | 4 5 9 10 | 10.2
Shields        | 4 5 6 10 13 16 | 16.5

Action                   |  1- 3 |  4- 6 |  7- 9 | 10-12 | 13-15 | 16-18 || total
-------------------------+-------+-------+-------+-------+-------+-------++-------
Melee: War axe           |    72 |    62 |       |       |       |       ||   134
       Broad axe         |       |    36 |   206 |   327 |  1162 |   263 ||  1994
       Flail             |       |       |       |    16 |    18 |       ||    34
       Morningstar       |       |       |       |       |     8 |       ||     8
Throw: Boomerang         |     4 |    42 |    40 |    60 |   110 |    35 ||   291
       Javelin           |       |     9 |    37 |       |    28 |     9 ||    83
Invok: Heroism           |       |       |     2 |    20 |    45 |    12 ||    79
       Finesse           |       |       |       |     4 |    12 |     4 ||    20
  Use: Scroll            |     1 |     8 |    10 |     6 |    10 |     1 ||    36
       Potion            |     1 |     3 |     1 |     1 |     1 |       ||     7
Armor: Scale mail        |    30 |    29 |       |       |       |       ||    59
       Plate armour      |       |    32 |    98 |   127 |   116 |    48 ||   421
       Chain mail        |       |       |       |       |   202 |    25 ||   227
Dodge: Dodged            |    29 |    22 |    40 |    85 |   168 |    40 ||   384
Block: Buckler           |    11 |    20 |    29 |    49 |    11 |       ||   120
       Kite shield       |       |       |       |       |   213 |       ||   213
       Tower shield      |       |       |       |       |   286 |   169 ||   455

Table legend:
 A = Non-vault XP
 B = Vault XP
 C = Vault XP percentage of total XP
 D = Non-vault monster count
 E = Vault monster count
 F = Vault count percentage of total count
                 A         B        C        D         E       F
            +---------+---------+-------+---------+---------+-------
      Total |  103076 |   54032 |  34.4 |     483 |     168 |  25.8
            +---------+---------+-------+---------+---------+-------
        D:1 |      29 |       0 |   0.0 |      17 |       0 |   0.0
        D:2 |      55 |      36 |  39.6 |      23 |       1 |   4.2
        D:3 |      42 |       0 |   0.0 |      17 |       0 |   0.0
        D:4 |     331 |     220 |  39.9 |      22 |      17 |  43.6
        D:5 |     598 |       5 |   0.8 |      11 |       1 |   8.3
        D:6 |     932 |       0 |   0.0 |      19 |       0 |   0.0
        D:7 |     480 |       0 |   0.0 |      12 |       0 |   0.0
        D:8 |    1185 |     367 |  23.6 |      30 |       1 |   3.2
        D:9 |    1638 |    1271 |  43.7 |      17 |       2 |  10.5
       D:10 |    3920 |       0 |   0.0 |      25 |       0 |   0.0
       D:11 |    1947 |     692 |  26.2 |       4 |       2 |  33.3
       D:12 |    3096 |    3591 |  53.7 |      15 |      10 |  40.0
       D:13 |    5996 |       0 |   0.0 |      20 |       0 |   0.0
       D:14 |    7002 |    9106 |  56.5 |      14 |      30 |  68.2
       D:15 |   20350 |    5475 |  21.2 |      41 |       6 |  12.8
     Lair:1 |    5726 |       0 |   0.0 |      26 |       0 |   0.0
     Lair:2 |   12699 |    1956 |  13.3 |      33 |       3 |   8.3
     Lair:3 |   11377 |    1616 |  12.4 |      27 |       3 |  10.0
     Lair:4 |     522 |    3162 |  85.8 |       3 |       6 |  66.7
     Lair:5 |   11718 |   11009 |  48.4 |      43 |      47 |  52.2
   Spider:1 |    7606 |    5650 |  42.6 |      18 |      11 |  37.9
      Orc:1 |    3273 |    1890 |  36.6 |      26 |       4 |  13.3
      Orc:2 |    2554 |    7986 |  75.8 |      20 |      24 |  54.5
            +---------+---------+-------+---------+---------+-------
